 Dungeon Crawl Stone Soup version 0.21.0-25-ge575cb9ce8 (webtiles) character file.

734 Andry07 the Fighter (level 7, -5/52 HPs)
             Began as a Gargoyle Fighter on Jan 26, 2018.
             Slain by Blork the orc
             ... wielding a +0 battleaxe
              (12 damage)
             ... on level 5 of the Dungeon.
             The game lasted 00:06:59 (4505 turns).

Andry07 the Fighter (Gargoyle Fighter)              Turns: 4505, Time: 00:07:00

Health: -5/52      AC: 16    Str: 21    XL:     7   Next: 74%
Magic:  7/7        EV:  8    Int:  9    God:
Gold:   244        SH:  9    Dex:  9    Spells: 6/6 levels left

rFire    . . .     SeeInvis .   a - +0 flail
rCold    . . .     Gourm    .   c - +0 shield
rNeg     + . .     Faith    .   b - +0 scale mail
rPois    ∞         Spirit   .   (no helmet)
rElec    +         Reflect  .   (no cloak)
rCorr    .         Harm     .   (no gloves)
MR       .....                  p - +1 pair of boots
Stlth    ..........             (no amulet)
HPRegen  0.17/turn              j - +3 ring of protection
MPRegen  0.10/turn              q - +1 ring of evasion

@: no status effects
A: negative energy resistance 1, electricity resistance, unbreathing,
petrification resistance, rot immunity, AC +4
a: no special abilities


You were on level 5 of the Dungeon.
You were hungry.

You visited 1 branch of the dungeon, and saw 5 of its levels.

You collected 244 gold pieces.

Inventory:

Hand Weapons
 a - a +0 flail (weapon)
Armour
 b - a +0 scale mail (worn)
 c - a +0 shield (worn)
 p - a +1 pair of boots (worn)
Jewellery
 j - a +3 ring of protection (left hand)
 m - an uncursed ring of positive energy
 q - a +1 ring of evasion (right hand)
 w - an uncursed ring of protection from cold
Wands
 n - a wand of disintegration (15)
Scrolls
 e - 2 scrolls of teleportation {unknown}
 i - 5 scrolls of remove curse
 o - a scroll of enchant weapon {unknown}
 r - 3 scrolls of identify {unknown}
 s - a scroll of magic mapping {unknown}
Potions
 d - a potion of might
 g - 3 potions of brilliance {unknown}
 h - 2 potions of degeneration {unknown}
 k - 3 potions of resistance {unknown}
 l - 2 potions of curing {unknown}
 u - 2 potions of heal wounds {unknown}
Books
 t - a book of Changes

   Spells                             Type                      Level
   a - Beastly Appendage              Transmutation                1
   b - Sticks to Snakes               Transmutation                2
   c - Spider Form                    Transmutation/Poison         3
   d - Ice Form                       Ice/Transmutation            4
   e - Blade Hands                    Transmutation                5
Comestibles
 f - 6 rations


   Skills:
 + Level 9.7 Fighting
 - Level 2.0 Maces & Flails
 - Level 3.2 Armour
 - Level 3.2 Shields


You had 6 spell levels left.
You didn't know any spells.

Dungeon Overview and Level Annotations

Branches:
Dungeon (5/15)
 Temple: D:4-7

Altars:
Ru

Annotations:
D:5 Blork the orc


Innate Abilities, Weirdness & Mutations

You are resistant to torment.
Your stone body is resilient. (AC +4)
You are immune to poison.
You resist negative energy. (rN+)
You are resistant to electric shocks. (rElec)
You can survive without breathing.
You are immune to petrification.
You are immune to rotting.


Message History

You are too injured to fight recklessly!
Blork the orc casts a cantrip, but nothing happens.
Blork the orc barely misses you. You block Blork the orc's attack.
You block Blork the orc's attack.
Blork the orc hits you with a battleaxe!
Blork the orc gestures at you while chanting.
The puff of frost hits you!
* * * LOW HITPOINT WARNING * * *
Blork the orc looks braver for a moment.
Blork the orc barely misses you.
Blork the orc looks braver for a moment.
Blork the orc gestures at you while chanting.
The puff of flame misses you.
Blork the orc hits you with a battleaxe.
* * * LOW HITPOINT WARNING * * *
Blork the orc screams, "Die!"
You block Blork the orc's attack.
Blork the orc hits you with a battleaxe!
You die...

........###...........##
........# ##...........#
# ........#
#...........# #
........# #...........#
# ........#
#...........# ........#
##..........## ........#
##..........# .......##
#..........# .|....##
#.o@.......# ##(..##
##.#...<....## #####
##.#######....#### #..#
####....### ##.##
####...### ##..# ####.[.
#..## ###. ##.## ## ##
#..#


You could see Blork the orc.

Vanquished Creatures
  Sigmund (D:5)
  Duvessa (D:5)
  A phantom (D:4)
  Dowan (D:5)
  A hound (D:5)
  An orc priest (D:3)
  An iguana (D:4)
  2 orc wizards
  9 adders
  A shadow imp (D:5)
  3 oozes
  An adder zombie (D:4)
  An adder skeleton (D:4)
  A worm (D:3)
  4 dart slugs
  3 leopard geckos
  8 orcs
  A ball python (D:4)
  7 hobgoblins
  4 jackals (D:4)
  A quokka (D:4)
  8 bats
  12 frilled lizards
  7 goblins
  10 kobolds
  8 rats
98 creatures vanquished.

Notes
Turn   | Place    | Note
-------+----------+-------------------------------------------
     0 | D:1      | Andry07 the Gargoyle Fighter began the quest for the Orb.
     0 | D:1      | Reached XP level 1. HP: 14/14 MP: 1/1
    90 | D:1      | Reached skill level 4 in Fighting
    90 | D:1      | Reached XP level 2. HP: 20/20 MP: 2/2
   270 | D:1      | Reached XP level 3. HP: 9/24 MP: 3/3
  1109 | D:2      | Reached skill level 5 in Fighting
  1115 | D:2      | Reached XP level 4. HP: 27/31 MP: 4/4
  1717 | D:3      | Reached skill level 6 in Fighting
  1939 | D:3      | Reached XP level 5. HP: 28/36 MP: 5/5
  2853 | D:4      | Found a sacrificial altar of Ru.
  2855 | D:4      | Noticed a phantom
  3032 | D:3      | Reached skill level 7 in Fighting
  3157 | D:4      | Reached XP level 6. HP: 11/44 MP: 6/6
  3437 | D:4      | Killed a phantom
  3634 | D:4      | Reached skill level 8 in Fighting
  3942 | D:5      | Entered Level 5 of the Dungeon
  3985 | D:5      | Noticed Duvessa
  3985 | D:5      | Noticed Dowan
  4024 | D:5      | Killed Duvessa
  4024 | D:5      | Reached XP level 7. HP: 39/50 MP: 7/7
  4028 | D:5      | Killed Dowan
  4135 | D:5      | Noticed Sigmund
  4138 | D:5      | Reached skill level 9 in Fighting
  4179 | D:5      | Killed Sigmund
  4471 | D:5      | Noticed Blork the orc
  4505 | D:5      | Slain by Blork the orc

Skill      XL: |  1  2  3  4  5  6  7 |
---------------+----------------------+-----
Fighting       | 4 5 6 7 8 9 |  9.7
Maces & Flails | |  2.0
Armour         | |  3.2
Shields        | |  3.2

Action                   |  1- 3 |  4- 6 |  7- 9 || total
-------------------------+-------+-------+-------++-------
Melee: Flail             |   137 |   310 |    48 ||   495
       Whip              |       |   124 |       ||   124
  Use: Scroll            |       |     3 |       ||     3
  Eat: Chunk             |       |     8 |     1 ||     9
       Ration            |       |     1 |       ||     1
Armor: Scale mail        |   113 |   312 |    25 ||   450
Dodge: Dodged            |    63 |   163 |     9 ||   235
Block: Shield            |    97 |   232 |    20 ||   349
